 Dungeon Crawl Stone Soup version 0.18.1-8-gdd0e5ea (webtiles) character file.

105 RudyRod the Sneak (level 4, -4/27 HPs)
             Began as an Octopode Fire Elementalist on June 9, 2016.
             Engulfed by a cloud of steam (14 damage)
             ... on level 3 of the Dungeon.
             The game lasted 00:13:34 (2313 turns).

RudyRod the Sneak (Octopode Fire Elementalist)      Turns: 2313, Time: 00:13:35

Health: -4/27      AC:  1    Str:  7    XL:     4   Next: 83%
Magic:  3/7        EV: 12    Int: 18    God:
Gold:   110        SH:  0    Dex: 12    Spells: 3 memorised, 1 level left

rFire  . . .     SeeInvis .     d - +1 mace
rCold  . . .     Gourm    .     (no shield)
rNeg   . . .     Faith    .     (helmet restricted)
rPois  .         Spirit   .     c - amulet of rage
rElec  .         Dismiss  .     (no ring)
rCorr  .         Reflect  .     (no ring)
SustAt .         Harm     .     (no ring)
MR     .....                    (no ring)
Stlth  ++++......               (no ring)
                                (no ring)
                                (no ring)
                                (no ring)

@: lethally poisoned (-4 -> -7), flying, not resistant to hostile enchantments,
stealthy
A: almost no armour, amphibious, 8 rings, constrict 8, camouflage 1, gelatinous
body 1
a: Evoke Berserk Rage


You were on level 3 of the Dungeon.
You were not hungry.

You visited 1 branch of the dungeon, and saw 3 of its levels.

You collected 110 gold pieces.

Inventory:

Hand Weapons
 d - a +1 mace (weapon)
Missiles
 k - 45 stones (quivered)
Jewellery
 c - an amulet of rage (around mantle)
 g - a cursed ring of teleportation {unknown}
Scrolls
 e - a scroll of enchant armour
 f - a scroll of remove curse
Potions
 j - 2 potions of berserk rage
 l - a potion of curing {unknown}
 m - a potion of lignification {unknown}
Books
 a - a book of Flames

   Spells                             Type                      Level
   a - Flame Tongue                   Conjuration/Fire             1
   b - Throw Flame                    Conjuration/Fire             2
   c - Conjure Flame                  Conjuration/Fire             3
   d - Inner Flame                    Hexes/Fire                   3
   e - Sticky Flame                   Conjuration/Fire             4
   f - Fireball                       Conjuration/Fire             5
Comestibles
 b - 4 bread rations
 h - 2 meat rations
 i - a chunk of flesh


   Skills:
 + Level 0.8 Fighting
 + Level 0.2 Maces & Flails
 + Level 2.0 Dodging
 * Level 4.3 Stealth
 + Level 2.5 Spellcasting
 + Level 1.5 Conjurations
 + Level 4.0 Fire Magic


You had one spell level left.
You knew the following spells:

 Your Spells              Type           Power        Failure   Level  Hunger
a - Flame Tongue          Conj/Fire      ##...        8%          1    #......
b - Throw Flame           Conj/Fire      ##....       12%         2    ##.....
c - Sticky Flame          Conj/Fire      ##......     67%         4    #####..


Dungeon Overview and Level Annotations

Branches:
Dungeon (3/15)

Altars:


Innate Abilities, Weirdness & Mutations

You cannot wear most types of armour.
You are amphibious.
You can wear up to eight rings at the same time.
You can use your tentacles to constrict eight enemies at once.
Your skin changes colour to match your surroundings (Stealth).
Your rubbery body absorbs attacks (AC +1).


Message History

You feel sick.
You see here a poisoned needle.
You see here a sapphire ring.
g - a sapphire ring You feel sick.
Casting: Flame Tongue
Confirm with . or Enter, or press ? or * to list all spells.
You can't see any susceptible monsters within range! (Use Z to cast anyway.)
Casting: Flame Tongue
Confirm with . or Enter, or press ? or * to list all spells.
Aiming: Flame Tongue
Press: ? - help, Shift-Dir - straight line, f - crimson imp
Aim: a crimson imp The flame tongue hits the crimson imp.
The crimson imp completely resists.
The crimson imp hits you.
You hit the crimson imp. Your grab misses the crimson imp.
The crimson imp is moderately wounded.
You are engulfed in a cloud of scalding steam.
Ouch! That really hurt!
You die...

l# ##+ #.# ... # #.#
...####+#### # #.#
#.##≈≈≈.≈≈≈# # #.#
#.##≈≈...≈≈# # #.#
#.##(.§§..≈# #####.##
#..(.()5≈..+ .......#
#(.#≈.@§..≈#
#####..####.^#≈≈...≈≈#
#..##....#≈≈≈.≈≈≈#
#..##.#..####+####
#........#
.............#
######.###.### #.# #.#
#.# #.#


You could see a crimson imp.

Vanquished Creatures
  3 adders
  3 worms (D:2)
  2 dart slugs
  A giant gecko (D:1)
  6 bats
  2 giant cockroaches
  6 goblins
  10 hobgoblins
  4 jackals (D:2)
  A quokka (D:2)
  2 ball pythons (D:2)
  3 giant newts
  12 kobolds
  4 rats
59 creatures vanquished.

Notes
Turn   | Place    | Note
--------------------------------------------------------------
     0 | D:1      | RudyRod the Octopode Fire Elementalist began the quest for the Orb.
     0 | D:1      | Reached XP level 1. HP: 11/11 MP: 3/3
     2 | D:1      | Noticed a ghoul
     2 | D:1      | Noticed a demonspawn
     4 | D:1      | Noticed a vine stalker
     4 | D:1      | Noticed a dwarf
     6 | D:1      | Noticed an octopode
     6 | D:1      | Noticed a spriggan
     8 | D:1      | Noticed a formicid
     8 | D:1      | Noticed an ogre
    10 | D:1      | Noticed a minotaur
    10 | D:1      | Noticed a merfolk
    12 | D:1      | Noticed a naga
    14 | D:1      | Noticed a vampire
    16 | D:1      | Noticed a human
    16 | D:1      | Noticed a tengu
    18 | D:1      | Noticed a centaur
    18 | D:1      | Noticed a draconian
    22 | D:1      | Noticed a troll
    22 | D:1      | Noticed a halfling
    24 | D:1      | Noticed a demigod
    24 | D:1      | Noticed an elf
    26 | D:1      | Noticed a felid
    28 | D:1      | Noticed a gargoyle
   291 | D:1      | Reached XP level 2. HP: 17/17 MP: 0/5
   701 | D:1      | Reached XP level 3. HP: 21/21 MP: 1/6
  1501 | D:2      | Reached XP level 4. HP: 27/27 MP: 4/7
  2093 | D:2      | Learned a level 2 spell: Throw Flame
  2098 | D:2      | Learned a level 4 spell: Sticky Flame
  2313 | D:3      | Engulfed by a cloud of steam

Skill      XL: |  1  2  3  4 |
---------------+-------------+-----
Stealth        | 3 4 |  4.3
Fire Magic     | 4 |  4.0
Fighting       | |  0.8
Maces & Flails | |  0.2
Dodging        | |  2.0
Spellcasting   | |  2.5
Conjurations   | |  1.5

Action                   |  1- 3 |  4- 6 || total
-------------------------+-------+-------++-------
Melee: Mace              |    24 |    15 ||    39
       Constrict         |     8 |     3 ||    11
       Tentacles         |     6 |     1 ||     7
 Cast: Flame Tongue      |    47 |    37 ||    84
  Use: Scroll            |       |     6 ||     6
       Potion            |       |     1 ||     1
 Stab: Sleeping          |     4 |     7 ||    11
  Eat: Chunk             |     2 |     3 ||     5
Armor: Skin              |     4 |     2 ||     6
Dodge: Dodged            |    32 |    24 ||    56
